 Dungeon Crawl Stone Soup version 0.26.1-2-gb8aa6d0cf2 (webtiles) character file.

Game seed: 9925211412079161771

77 Gadfly the Ducker (level 4, -17/34 HPs)
             Began as a Gnoll Wanderer on Feb 25, 2021.
             Demolished by an orc warrior
             ... wielding a +0 trident
              (20 damage)
             ... on level 2 of the Dungeon.
             The game lasted 00:03:06 (1587 turns).

Gadfly the Ducker (Gnoll Wanderer)                  Turns: 1587, Time: 00:03:06

Health: -17/34     AC: 10    Str: 15    XL:     4   Next: 33%
Magic:  5/5        EV:  8    Int: 16    God:
Gold:   86         SH:  0    Dex: 13    Spells: 5/5 levels left

rFire    . . .     SeeInvis .   a - +2 dagger (venom)
rCold    . . .     Faith    .   (no shield)
rNeg     . . .     Spirit   .   k - +1 chain mail
rPois    .         Reflect  .   (no helmet)
rElec    .         Harm     .   (no cloak)
rCorr    .         Rampage  .   (no gloves)
Will     .....                  (no boots)
Stlth    ..........             (no amulet)
HPRegen  0.11/turn              f - ring of flight
MPRegen  0.09/turn              (no ring)

@: no status effects
A: distributed training, fangs 1, strong nose
a: Evoke Flight


You were on level 2 of the Dungeon.
You visited 1 branch of the dungeon, and saw 2 of its levels.

You collected 86 gold pieces.

Inventory:

Hand Weapons
 a - a +2 dagger of venom (weapon)
Armour
 e - a +0 robe
 k - a +1 chain mail (worn)
Jewellery
 f - a ring of flight (left hand)
Scrolls
 c - a scroll of enchant armour
Potions
 b - a potion of berserk rage
 d - 6 potions of curing
 g - a potion of lignification {unknown}
 h - a potion of attraction {unknown}
 j - a potion of magic
 l - 2 potions of haste


   Skills:
 + Level 2.7 Fighting
 + Level 1.1 Short Blades
 + Level 1.1 Long Blades
 + Level 1.1 Axes
 + Level 2.7 Maces & Flails
 + Level 4.6 Polearms
 + Level 1.1 Staves
 + Level 1.1 Slings
 + Level 1.1 Bows
 + Level 1.1 Crossbows
 + Level 1.1 Throwing
 + Level 2.7 Armour
 + Level 4.6 Dodging
 + Level 2.5 Stealth
 + Level 2.7 Shields
 + Level 1.1 Unarmed Combat
 + Level 1.1 Spellcasting
 + Level 0.8 Conjurations
 + Level 0.8 Hexes
 + Level 0.8 Summonings
 + Level 0.8 Necromancy
 + Level 0.8 Translocations
 + Level 0.8 Transmutations
 + Level 0.8 Fire Magic
 + Level 0.8 Ice Magic
 + Level 0.8 Air Magic
 + Level 0.8 Earth Magic
 + Level 0.8 Poison Magic
 + Level 1.2 Invocations
 + Level 2.7 Evocations


You had 5 spell levels left.
You didn't know any spells.
Your spell library was empty.

Dungeon Overview and Level Annotations

Branches:
Dungeon (2/15)

Altars:


Innate Abilities, Weirdness & Mutations

Your experience applies equally to all skills.
You have very sharp teeth.
Your uncanny sense of smell can sniff out nearby items.


Message History

You are too injured to fight recklessly!
You are too injured to fight recklessly!
You are too injured to fight recklessly!
You are too injured to fight recklessly!
You are too injured to fight recklessly!
You are too injured to fight recklessly!
You are too injured to fight recklessly!
You are too injured to fight recklessly!
You are too injured to fight recklessly!
Unknown command.
You kill the hobgoblin!
There is an open door here.
Number of times to repeat, then command key: You must enter the number of times for the command to repeat.
The orc warrior hits you with a +0 trident!
* * * LOW HITPOINT WARNING * * *
You closely miss the orc warrior.
The orc warrior hits you with a +0 trident!!
Ouch! That really hurt!
You die...

#.# #....... #.#
#......#
##########.###......#
............##......#
###########.##...)..#
# #..#....).# #
##.###o#### # #..##o#
# ##.##@# # #..#.# #
###'#'## #
#......####### #
#......+.....# #
#......#####.#
########
##......+<....#
.....(..
∆........#.).###
.#######
##.......#)#.#


You could see an orc warrior and an orc.

Vanquished Creatures
  Jessica (D:2)
  A gnoll (D:1)
  An adder (D:2)
  3 leopard geckos
  An orc (D:2)
  A giant cockroach (D:2)
  9 hobgoblins
  A ball python (D:1)
  4 bats (D:1)
  A goblin (D:1)
  3 kobolds (D:1)
  2 rats
28 creatures vanquished.

Notes
Turn   | Place    | Note
-------+----------+-------------------------------------------
     0 | D:1      | Gadfly the Gnoll Wanderer began the quest for the Orb.
     0 | D:1      | Gadfly set off with the following items: a +2 dagger, a
                  | potion of berserk rage, a +0 hand axe, a potion of curing,
                  | a +0 robe
     0 | D:1      | Reached XP level 1. HP: 17/17 MP: 1/1
   194 | D:1      | Reached XP level 2. HP: 14/23 MP: 2/2
   593 | D:1      | Reached XP level 3. HP: 28/28 MP: 3/3
  1089 | D:2      | Noticed Jessica
  1094 | D:2      | Reached skill level 1 in Invocations
  1475 | D:2      | Killed Jessica
  1476 | D:2      | Reached skill level 1 in Short Blades
  1476 | D:2      | Reached skill level 1 in Long Blades
  1476 | D:2      | Reached skill level 1 in Axes
  1476 | D:2      | Reached skill level 1 in Staves
  1476 | D:2      | Reached skill level 1 in Slings
  1476 | D:2      | Reached skill level 1 in Bows
  1476 | D:2      | Reached skill level 1 in Crossbows
  1476 | D:2      | Reached skill level 1 in Throwing
  1476 | D:2      | Reached skill level 1 in Unarmed Combat
  1476 | D:2      | Reached skill level 1 in Spellcasting
  1476 | D:2      | Reached XP level 4. HP: 34/34 MP: 5/5
  1576 | D:2      | Noticed an orc warrior
  1587 | D:2      | Demolished by an orc warrior

Illustrated notes

Levels and vault maps discovered:
D:1:      amcnicky_arrival_abandoned_market, layout_loops_ring
D:2:      layout_basic, grunt_temple_overflow_order_and_chaos_1,
          tso_oasis_becter, lightli_temple_of_fire, ashenzari_altar_1,
          chequers_jeans, lemuel_altar_in_water, uniq_jessica

Skill      XL: |  1  2  3 |
---------------+----------+-----
Invocations    | 1 |  1.2
Short Blades   | 1 |  1.1
Long Blades    | 1 |  1.1
Axes           | 1 |  1.1
Staves         | 1 |  1.1
Slings         | 1 |  1.1
Bows           | 1 |  1.1
Crossbows      | 1 |  1.1
Throwing       | 1 |  1.1
Unarmed Combat | 1 |  1.1
Spellcasting   | 1 |  1.1
Fighting       | |  2.7
Maces & Flails | |  2.7
Polearms       | |  4.6
Armour         | |  2.7
Dodging        | |  4.6
Stealth        | |  2.5
Shields        | |  2.7
Conjurations   | |  0.8
Hexes          | |  0.8
Summonings     | |  0.8
Necromancy     | |  0.8
Translocations | |  0.8
Transmutations | |  0.8
Fire Magic     | |  0.8
Ice Magic      | |  0.8
Air Magic      | |  0.8
Earth Magic    | |  0.8
Poison Magic   | |  0.8
Evocations     | |  2.7

Action                   |  1- 3 |  4- 6 || total
-------------------------+-------+-------++-------
Melee: Dagger            |    56 |    12 ||    68
       Bite              |     6 |       ||     6
  Use: Scroll            |     5 |       ||     5
       Potion            |     1 |       ||     1
 Stab: Sleeping          |     1 |       ||     1
Armor: Robe              |     3 |       ||     3
       Chain mail        |    20 |     3 ||    23
Dodge: Dodged            |    39 |     4 ||    43
